[Event "*** Titled Tuesday 3|2 Blitz"]
[Site "Chess.com"]
[Date "2015.10.06"]
[Round "1"]
[White "gmjlh"]
[Black "MattyDPerrine"]
[Result "1-0"]
[WhiteElo "2609"]
[BlackElo "2251"]
[TimeControl "180+2"]
[EndTime "11:07:38 PDT"]
[Termination "gmjlh won by resignation"]

1. e4 c5 2. Nf3 e6 3. c4 Nc6 4. Nc3 Nd4 5. Be2 g6 6. Nxd4 cxd4 7. Nb5 Qb6 8. O-O a6 9. Na3 Bg7 10. d3 Ne7 11. Rb1 d5 12. b4 O-O 13. Bf3 dxe4 14.
Bxe4 f5 15. Bf3 e5 16. Bg5 Bf6 17. c5 Qc7 18. Bxf6 Rxf6 19. Re1 g5 20. Qe2 e4 21. dxe4 g4 22. exf5 gxf3 23. Qxe7 Qxe7 24. Rxe7 Bxf5 25.
Rd1 Rd8 26. Nc4 Bc2 27. Rd2 d3 28.
Rxb7 fxg2 29. Ne3 Bb1 30. b5 axb5 31. Rxb5 Bxa2 32. Rxa2 d2 33. Rb1 Rf3 34. Rd1 h5 35. Raxd2 1-0

[Event "*** Titled Tuesday 3|2 Blitz"]
[Site "Chess.com"]
[Date "2015.10.06"]
[Round "1"]
[White "Carolina-moon"]
[Black "Ar4uha"]
[Result "0-1"]
[WhiteElo "2038"]
[BlackElo "2404"]
[TimeControl "180+2"]
[EndTime "11:07:51 PDT"]
[Termination "Ar4uha won on time"]

1. e4 d5 2. Nc3 Nf6 3. e5 Ne4 4. Nf3 Nc6 5. Bb5 Bg4 6. d3 Nxc3 7. bxc3 e6 8. h3 Bh5 9. Bf4 Be7 10. O-O O-O 11. Bxc6 bxc6 12. Re1 Qc8 13. d4 Qa6 14. Qd3 Qa4 15. Bg5 Bg6 16. Qe3 Bxg5 17. Nxg5 Qxc2 18. Nf3 Rab8 19. Re2 Rb1+ 20. Rxb1 Qxb1+ 21. Kh2 Qd3 22. Qxd3 Bxd3 23. Rb2 Bb5 24. a4 Bxa4 25. Ra2 Bd1 26. Rxa7 Bxf3 27. gxf3 Rc8 28. Ra6 Kf8 29. Rxc6 Ke7 30. c4 dxc4 31. Rxc4 Kd7 32. Kg3 Ra8 33. Rc2 Ra1 34. Kg2 Ra4 35. Rd2 Ra5 36. Kg3 Rd5 37. Kf4 c5 38. Ke4 Kc6 39. f4 g6 40. h4 Rxd4+ 41.
Rxd4 cxd4 42. Kxd4 Kb5 43. f3 Kb4 44. Kd3 Kb3 45.
Kd2 Kc4 46. Kc2 Kd4 47. Kd2 h6 48. Ke2 Kc3 49. Ke3 Kc2 50. Ke2 h5 51. Ke3 Kd1 52. Kf2 Kd2 0-1

[Event "*** Titled Tuesday 3|2 Blitz"]
[Site "Chess.com"]
[Date "2015.10.06"]
[Round "1"]
[White "gmsakk"]
[Black "Saitama_Hero"]
[Result "1-0"]
[WhiteElo "2488"]
[BlackElo "2124"]
[TimeControl "180+2"]
[EndTime "11:07:55 PDT"]
[Termination "gmsakk won by checkmate"]

1. d4 Nf6 2. c4 g6 3. Nc3 Bg7 4.
e4 O-O 5. e5 Ne8 6. f4 d6 7.
Nf3 c5 8. d5 Bg4 9. exd6 Nxd6 10. h3 Bxf3 11. Qxf3 Nf5 12. Bd3 Nd4 13. Qf2 e6 14.
O-O Na6 15. Be4 Qe7 16. Bd2 f5 17. Bb1 Nb4 18. Kh2 exd5 19. cxd5 Rad8 20. a3 Nb3 21.
axb4 Nxa1 22. bxc5 Nb3 23. Be3 Rfe8 24. Nd1 Rxd5 25. Ba2 Rd3 26. Qc2 Rxe3 27. Nxe3 Qxe3 28. Rf3 Qd4 29. Qxb3+ Kh8 30. Qxb7 Qxc5 31. b4 Qd4 32. b5 h5 33. Qf7 Re1 34. Qg8# 1-0

[Event "*** Titled Tuesday 3|2 Blitz"]
[Site "Chess.com"]
[Date "2015.10.06"]
[Round "1"]
[White "PowerThinking2650"]
[Black "A-Fier"]
[Result "0-1"]
[WhiteElo "2064"]
[BlackElo "2434"]
[TimeControl "180+2"]
[EndTime "11:07:59 PDT"]
[Termination "A-Fier won by resignation"]

1. e4 c5 2. Nf3 g6 3. d4 cxd4 4. Nxd4 Bg7 5. c4 Nc6 6. Be3 Nf6 7.
Nc3 O-O 8. Be2 Nxd4 9. Bxd4 d6 10. O-O Bd7 11. Qd2 Bc6 12. Bd3 a5 13. Rae1 Nd7 14.
Bxg7 Kxg7 15. Re3 Nc5 16. Bc2 e5 17. Rh3 h5 18. f4 exf4 19. Qxf4 Ne6 20. Qf2 Qg5 21.
Nd5 Bxd5 22. exd5 Nc5 23. Rg3 Qe5 24. b3 Rae8 25. Qf3 h4 26. Rg4 Qe3+ 27. Qxe3 Rxe3 28. Rxh4 Re2 29. Rf2 Rfe8 30. Rhf4 f5 31. g4 fxg4 32. Rxg4 Rxf2 33. Kxf2 Rf8+ 34. Ke3 Rf6 35. a3 Nd7 36. Re4 Ne5 37. Rxe5 dxe5 38. Ke4 Rf2 39. Bd3 Kf6 40. c5 Rxh2 41. b4 a4 42. b5 Rh4+ 43. Ke3 e4 44. Bxe4 Ke5 45. Bf3 Rc4 46. d6 Rc3+ 47. Ke2 Kf6 48. c6 bxc6 49. bxc6 Ke6 50. d7 Ke7 51. Kd2 Rxf3 0-1

[Event "*** Titled Tuesday 3|2 Blitz"]
[Site "Chess.com"]
[Date "2015.10.06"]
[Round "1"]
[White "chessloveyou"]
[Black "BakaPG"]
[Result "1-0"]
[WhiteElo "2172"]
[BlackElo "2514"]
[TimeControl "180+2"]
[EndTime "11:08:14 PDT"]
[Termination "chessloveyou won by resignation"]

1. d4 d5 2. Nf3 Nf6 3. g3 Bf5 4.
c4 c6 5. Nc3 e6 6. Bg2 h6 7. O-O Nbd7 8. cxd5 exd5 9. Re1 Be7 10. Nd2 Bg4 11. Qb3 Qb6 12. e4 Be6 13. exd5 cxd5 14.
Na4 Qxb3 15. Nxb3 O-O 16. Nac5 Nxc5 17. Nxc5 Bxc5 18. dxc5 Rac8 19. Be3 Ne4 20. Bxe4 dxe4 21. b4 Bg4 22. a4 Rfd8 23. b5 Bf3 24. a5 a6 25. bxa6 bxa6 26. Rab1 Rd3 27. h3 Ra3 28. Ra1 Rd3 29. Reb1 f5 30. Rb6 Rcd8 31. g4 fxg4 32. hxg4 Bxg4 33. Rxa6 Bf3 34. Kh2 R8d5 35. Rd6 Rxd6 36.
cxd6 Rxd6 37. a6 Rd8 38. a7 Ra8 39. Rb1 Kf7 40. Rb8 Rxa7 41. Bxa7 g5 42. Rb6 h5 43. Rh6 Kg7 44. Rd6 h4 45. Kh3 Kf7 46. Be3 Ke7 47. Rg6 g4+ 48. Kxh4 Kf7 49. Rb6 Kg7 50. Kg3 Kf7 51. Kf4 Ke7 52. Rg6 Kf7 53. Rxg4 Ke6 54. Rg5 Kf6 55. Re5 1-0

[Event "*** Titled Tuesday 3|2 Blitz"]
[Site "Chess.com"]
[Date "2015.10.06"]
[Round "1"]
[White "MFBerna"]
[Black "tac49"]
[Result "0-1"]
[WhiteElo "2079"]
[BlackElo "2464"]
[TimeControl "180+2"]
[EndTime "11:08:16 PDT"]
[Termination "tac49 won by resignation"]

1. e4 e5 2. Nf3 Nc6 3. Bb5 a6 4. Ba4 Nf6 5. O-O Be7 6. Re1 b5 7. Bb3 O-O 8. c3 d5 9. exd5 Nxd5 10. Nxe5 Nxe5 11. Rxe5 c6 12. d3 Bd6 13. Re1 Bf5 14. Qf3 Qd7 15. h3 Rfe8 16. Be3 Bxd3 17. Nd2 Nxe3 18.
Rxe3 Rxe3 19. Qxe3 Re8 20. Qf3 Be2 21. Bxf7+ Qxf7 22. Qxc6 Qe6 23. g3 Bb8 24. Qxe6+ Rxe6 25. Re1 Bc4 26.
Rxe6 Bxe6 27. a3 Bxh3 28. f4 Ba7+ 29. Kh2 Bg4 30. Kg2 Kf7 31. Nf3 Bxf3+ 32. Kxf3 h5 33. b3 Kf6 34. c4 Kf5 35. cxb5 axb5 36. a4 b4 37. a5 g6 38. a6 Bb6 39. Kg2 Kg4 40. Kh2 h4 41. gxh4 Kxh4 42. Kg2 Kg4 43. Kh2 Kxf4 44. Kh3 g5 45. Kg2 g4 0-1

[Event "*** Titled Tuesday 3|2 Blitz"]
[Site "Chess.com"]
[Date "2015.10.06"]
[Round "1"]
[White "lorcho"]
[Black "gumersindo"]
[Result "1-0"]
[WhiteElo "2518"]
[BlackElo "2154"]
[TimeControl "180+2"]
[EndTime "11:08:23 PDT"]
[Termination "lorcho won by resignation"]

1. e4 c6 2. Nc3 d5 3. Nf3 e6 4.
d4 Nf6 5. e5 Nfd7 6. Bf4 c5 7.
Bb5 Nc6 8. O-O Be7 9. dxc5 Nxc5 10. Nd4 Bd7 11. Re1 Nxd4 12. Qxd4 Bxb5 13. Nxb5 O-O 14.
c3 Qb6 15. a4 Nb3 16. Qxb6 axb6 17. Ra2 Nc5 18. Rea1 Nd3 19. Be3 Bc5 20. Bd4 Bxd4 21.
cxd4 Nb4 22. Ra3 Nc2 23. Nd6 Nxa1 24. Rxa1 Ra7 25. b3 f6 26. Rc1 fxe5 27. dxe5 h6 28. Rc7 Rf4 29. f3 Rb4 30. Rc8+ Kh7 31. h4 h5 32. Nf7 Rxb3 33. Ng5+ Kg6 34. Re8 Kf5 35. Nxe6 Rxa4 36. Nxg7+ Kg6 37. Ne6 Rb1+ 38. Kh2 Rxh4+ 39. Kg3 Rc4 40. Rf8 h4+ 41. Kh2 Rcc1 42. Rf6+ Kh7 43. Kh3 Rh1+ 44. Kg4 Rbg1 45. Ng5+ Kg8 46. e6 Rxg2+ 47.
Kf5 Re2 48. Rg6+ Kf8 49. Kf6 Rxe6+ 50. Nxe6+ Ke8 51. Rg7 1-0

[Event "*** Titled Tuesday 3|2 Blitz"]
[Site "Chess.com"]
[Date "2015.10.06"]
[Round "1"]
[White "Bab3s"]
[Black "Konavets"]
[Result "0-1"]
[WhiteElo "2128"]
[BlackElo "2491"]
[TimeControl "180+2"]
[EndTime "11:08:23 PDT"]
[Termination "Konavets won on time"]

1. e4 a6 2. d4 b5 3. Nf3 Bb7 4. Bd3 e6 5. O-O Nf6 6. Bg5 Be7 7. Nbd2 d5 8. Bxf6 Bxf6 9. e5 Be7 10. Re1 c5 11. c3 Nc6 12. Nf1 g5 13. Ng3 g4 14.
Nd2 h5 15. a4 b4 16. Rc1 cxd4 17. cxd4 Nxd4 18. Nb3 Nxb3 19. Qxb3 Qb6 20. Qc2 Bg5 21.
Qc7 Bd8 22. Qc2 Qd4 23. Rcd1 Qf4 24. Qe2 h4 25. Nf1 Bb6 26. Ne3 g3 27. Bb5+ Kf8 28.
Bd3 gxh2+ 29. Kh1 h3 30. g3 d4+ 31. Kxh2 Qxe5 32. Ng4 Qxe2 33. Rxe2 Ke7 34. Ne5 Rac8 35. Be4 Bxe4 36. Rxe4 Rc2 37. Rf4 Rh7 38. Nd3 b3 39.
Rh4 Rxh4 40. gxh4 f5 41. Kxh3 Kf6 42. f4 Bc7 43. Kg3 e5 44. fxe5+ Bxe5+ 45. Kf3 Rh2 46. Rc1 Rh3+ 47. Ke2 Bd6 48. Rc6 Ke7 49. Rb6 Rxh4 50. Rxb3 Rh2+ 51. Kf3 Rh3+ 52. Ke2 Re3+ 53. Kd2 f4 54.
Rb7+ Ke6 55. Rb6 Kd5 56. Rxa6 f3 57. Ra8 Re2+ 58. Kd1 Ke4 59. Ne1 d3 0-1

[Event "*** Titled Tuesday 3|2 Blitz"]
[Site "Chess.com"]
[Date "2015.10.06"]
[Round "1"]
[White "jcibarra"]
[Black "Viaje"]
[Result "1-0"]
[WhiteElo "2534"]
[BlackElo "2160"]
[TimeControl "180+2"]
[EndTime "11:08:41 PDT"]
[Termination "jcibarra won by resignation"]

1. e4 c5 2. Nf3 d6 3. d4 cxd4 4. Nxd4 Nf6 5. Nc3 a6 6. Be3 e5 7. Nf3 Be7 8. Bc4 O-O 9. O-O Qc7 10. Bb3 Be6 11. Qe2 Nc6 12. Bg5 Na5 13. Rfd1 Rac8 14. Bxf6 Bxf6 15. Rac1 Nxb3 16. axb3 Rfd8 17. Nd5 Bxd5 18.
Rxd5 Be7 19. c3 Qb6 20. b4 Rf8 21. Qd3 g6 22. Nd2 Qc6 23. Rd1 f5 24. exf5 gxf5 25. f4 e4 26. Qg3+ Kh8 27. Nf1 Rf6 28. Ne3 Rcf8 29.
Qh3 Qd7 30. R5d4 Qe6 31. Qh5 Rh6 32. Qe2 Bd8 33. Nc4 Qe7 34. Rxd6 Rxd6 35. Nxd6 b5 36. Qe3 Bc7 37. Qd4+ Kg8 38. Qd5+ Kh8 39. Nxf5 Qf6 40.
g4 Bxf4 41. Qxe4 Qg5 42. h3 h5 43. Rd7 hxg4 44. Qd4+ Rf6 45. Rd8+ Kh7 46. Qd7+ Kg6 47. Rg8+ Kh5 48. Rxg5+ Kxg5 49. hxg4 Kxg4 1-0

[Event "*** Titled Tuesday 3|2 Blitz"]
[Site "Chess.com"]
[Date "2015.10.06"]
[Round "1"]
[White "WilliamRDavis"]
[Black "bugsbunny444"]
[Result "1-0"]
[WhiteElo "1893"]
[BlackElo "2298"]
[TimeControl "180+2"]
[EndTime "11:08:44 PDT"]
[Termination "WilliamRDavis won by resignation"]

1. d4 e6 2. Nf3 d5 3. e3 Nf6 4. Bd3 c5 5. c3 Nc6 6. O-O Bd6 7. Nbd2 O-O 8. dxc5 Bxc5 9. e4 h6 10.
Qe2 e5 11. exd5 Nxd5 12. Ne4 Bb6 13. Rd1 Nf4 14. Bxf4 exf4 15. Nd6 Qf6 16. Qe4 g6 17. Bc4 Bg4 18. Nxb7 Bxf3 19. Qxf3 Ne5 20. Qe4 f3 21. g3 h5 22. Nd6 Ng4 23. Nxf7 Rxf7 24. Bxf7+ Qxf7 25. Qxa8+ Kg7 26. Rd2 Qe7 27. Qxf3 Kh6 28. Rf1 Qg5 29.
Qf4 Qxf4 30. gxf4 Nf6 31. Kg2 h4 32. h3 Kh5 33. Kf3 Kh6 34. Rg1 Bc7 35. Rg5 Nh5 36.
Rg4 Bb6 37. Rxh4 Kg7 38. Rxh5 gxh5 39. Rd5 Kg6 40. h4 Bc7 41. f5+ Kf6 42. Ke4 Bb6 43. Rd6+ Ke7 44. Rxb6 axb6 45. Ke5 Kf7 46. f4 Ke7 47. c4 Kf7 48. b4 Ke7 49. c5 bxc5 50. bxc5 Kd7 51. f6 Kd8 52. Ke6 Ke8 53. c6 Kd8 54. f7 Kc7 55. f8=Q Kb6 56. c7 Ka7 57. Qb4 Ka6 58. Kd5 Ka7 59. Kc6 1-0

[Event "*** Titled Tuesday 3|2 Blitz"]
[Site "Chess.com"]
[Date "2015.10.06"]
[Round "1"]
[White "MinhGTrAn"]
[Black "pedromartinez91"]
[Result "1-0"]
[WhiteElo "2576"]
[BlackElo "2215"]
[TimeControl "180+2"]
[EndTime "11:09:14 PDT"]
[Termination "MinhGTrAn won by resignation"]

1. d4 d5 2. c4 dxc4 3. Nc3 a6 4. a4 Nc6 5. e3 Na5 6. Nf3 Nf6 7. Nd2 e6 8. Nxc4 Nxc4 9. Bxc4 c5 10. O-O Be7 11. d5 exd5 12. Nxd5 Nxd5 13. Bxd5 O-O 14. Qf3 Ra7 15. e4 Bf6 16. Be3 b6 17. Rab1 Bd7 18. a5 Bd4 19. Bxd4 cxd4 20. Rfd1 b5 21. b4 Rc7 22.
Rxd4 Qe7 23. h3 Rfc8 24. Rbd1 Be8 25. Qf4 h6 26. Kh2 g5 27. Qg3 Rc3 28. f3 Kg7 29. h4 f6 30. Re1 Qe5 31. Qxe5 fxe5 32. Rd2 Rc2 33. Ree2 Rxd2 34. Rxd2 Rc1 35. hxg5 hxg5 36. Bb7 Rc4 37. Rb2 g4 38. Bxa6 gxf3 39. gxf3 Rc7 40. Rd2 Rc4 41. Bb7 Rxb4 42. Ra2 Bf7 43. Ra1 Rb2+ 44.
Kg3 b4 45. a6 b3 46. a7 Ra2 47. Rxa2 bxa2 48. a8=Q 1-0

[Event "*** Titled Tuesday 3|2 Blitz"]
[Site "Chess.com"]
[Date "2015.10.06"]
[Round "1"]
[White "LADIESGET2KNOWME"]
[Black "GeorgMeier"]
[Result "0-1"]
[WhiteElo "2254"]
[BlackElo "2612"]
[TimeControl "180+2"]
[EndTime "11:09:24 PDT"]
[Termination "GeorgMeier won on time"]

1. d4 e6 2. Nf3 Nf6 3. g3 d5 4. Bg2 b5 5. O-O Nbd7 6. a4 b4 7. c4 bxc3 8. bxc3 Ba6 9. Re1 Bd6 10. Nfd2 Bb7 11. c4 c5 12. cxd5 exd5 13. dxc5 Nxc5 14. Nc3 O-O 15. Ba3 Rc8 16. Nb5 Bb8 17. Nb3 Nxb3 18.
Qxb3 Re8 19. Rad1 Qb6 20. e3 Be5 21. Qa2 Rc4 22. Rb1 Qa5 23. Bd6 Rxa4 24. Qb3 Bc6 25.
Bxe5 Rxe5 26. Nd4 Bd7 27. Rec1 Re8 28. Qb7 Ra2 29. Rc7 Ra1 30. Rcc1 Rxb1 31. Rxb1 h6 32. h3 Rc8 33. Kh2 Qc5 34. Ra1 Rc7 35. Qb8+ Kh7 36.
Bf1 g6 37. Bd3 Kg7 38. Rb1 Qc3 39. Bf1 Qc5 40. Rb7 Rxb7 41. Qxb7 a5 42. Bg2 a4 43. Qa6 a3 44. Nf3 Qc2 45. Kg1 Qb1+ 46. Kh2 a2 0-1

[Event "*** Titled Tuesday 3|2 Blitz"]
[Site "Chess.com"]
[Date "2015.10.06"]
[Round "1"]
[White "rikyshi"]
[Black "E-Shaposhnikov"]
[Result "0-1"]
[WhiteElo "2138"]
[BlackElo "2504"]
[TimeControl "180+2"]
[EndTime "11:09:30 PDT"]
[Termination "E-Shaposhnikov won by resignation"]

1. e4 c5 2. Nf3 e6 3. c3 Nf6 4. e5 Nd5 5. d4 cxd4 6. cxd4 d6 7.
Nc3 Nxc3 8. bxc3 Nc6 9. exd6 Bxd6 10. Bd3 Ne7 11. O-O Ng6 12. Re1 O-O 13. c4 b6 14. Be4 Rb8 15. Bg5 Qc7 16. Rc1 Bb7 17.
c5 bxc5 18. dxc5 Bf4 19. Bxf4 Nxf4 20. c6 Ba6 21. g3 Rfd8 22. Qc2 Bd3 23. Qa4 Ne2+ 24.
Rxe2 Bxe2 25. Ne5 Bb5 26. Qc2 Qxe5 27. c7 f5 28. cxb8=Q Rxb8 29. Bg2 Rd8 30. h4 h6 31. Qc7 Rd1+ 32. Kh2 Qxc7 33. Rxc7 a6 34. Bc6 Rc1 35. Rc8+ Kh7 36. Bd7 Rxc8 37. Bxc8 Bc4 38. a3 Kg6 39. f4 Kf6 40. Kg2 e5 41. fxe5+ Kxe5 42. Kf3 g5 43. hxg5 hxg5 44. Ke3 a5 45. Bd7 f4+ 46. gxf4+ gxf4+ 47. Kd2 Kd4 48. Bg4 Bd5 49. Kc1 Ke3 50. Kb2 Bf3 51. Bh3 Bh5 52. Bg2 Bf3 53.
Bh3 Be2 54. Bg2 Kf2 55. Be4 Bf3 56. Bd3 Ke3 57. Bf1 Bd5 58. Bh3 f3 59. Bf1 f2 60. Bb5 Kd2 61. Bf1 Ke1 62. Ba6 Bf3 0-1

[Event "*** Titled Tuesday 3|2 Blitz"]
[Site "Chess.com"]
[Date "2015.10.06"]
[Round "1"]
[White "dabee"]
[Black "Po6Don"]
[Result "1-0"]
[WhiteElo "2381"]
[BlackElo "1941"]
[TimeControl "180+2"]
[EndTime "11:09:30 PDT"]
[Termination "dabee won on time"]

1. d4 d5 2. c4 e5 3. Nf3 exd4 4. cxd5 Nf6 5. Qxd4 Qxd5 6. Nc3 Qxd4 7. Nxd4 Bc5 8. Nb3 Bb4 9. Bd2 c6 10. a3 Be7 11. e4 Nbd7 12. f3 O-O 13. Be3 b6 14.
O-O-O Bb7 15. g4 Rfd8 16. g5 Ne8 17. f4 a5 18. Bh3 Nf8 19. Nd4 Nd6 20. Nf5 Nxf5 21.
exf5 c5 22. Rhe1 Rxd1+ 23. Rxd1 Rd8 24. Re1 Bd6 25. Bf1 Bb8 26. Bb5 Rc8 27. Rd1 h6 28. h4 hxg5 29. hxg5 Bc7 30. Bc4 Rd8 31. g6 Rxd1+ 32. Kxd1 Nd7 33. Bxf7+ Kf8 34. Bd5 Bxd5 35. Nxd5 Bd8 36. a4 Nf6 37. Nxf6 Bxf6 38. b3 Ke7 39. Ke2 Bb2 40. Kd3 Kf6 41. Ke4 Ba1 42. Bf2 Ke7 43.
Bh4+ Kd7 44. f6 gxf6 45. f5 Ke7 46. Kd5 Bd4 47. Bg3 Be3 48. Bd6+ Ke8 49. Ke6 Bh6 50. Kxf6 Kd7 51. Be5 Kc6 52. Kf7 b5 53. axb5+ Kxb5 54. g7 Bxg7 55. Kxg7 c4 56. bxc4+ Kxc4 57. f6 1-0

[Event "*** Titled Tuesday 3|2 Blitz"]
[Site "Chess.com"]
[Date "2015.10.06"]
[Round "1"]
[White "JustKid"]
[Black "ChessTrener"]
[Result "0-1"]
[WhiteElo "2092"]
[BlackElo "2484"]
[TimeControl "180+2"]
[EndTime "11:09:32 PDT"]
[Termination "ChessTrener won by resignation"]

1. d4 Nf6 2. c4 c5 3. d5 b5 4. cxb5 a6 5. f3 axb5 6. e4 Qa5+ 7. Bd2 b4 8. Na3 d6 9. Nc4 Qd8 10. a3 e6 11. dxe6 Bxe6 12. axb4 Rxa1 13. Qxa1 d5 14. exd5 Nxd5 15. b5 Nb4 16. Bxb4 cxb4 17. Qd1 Qc7 18.
b6 Qc6 19. Qd4 Nd7 20. Bd3 Bxc4 21. Bxc4 Nxb6 22. b3 Nxc4 23. Qxc4 Qxc4 24. bxc4 Bc5 25. Ne2 Kd7 26. Kd2 Ra8 27. Nc1 Bd4 28. Kc2 Kc6 29.
Rd1 Bc3 30. Rd5 g6 31. Rb5 h5 32. h4 Re8 33. g4 hxg4 34. fxg4 Re4 35. Rg5 Rxc4 36. Kb3 Re4 37. Na2 Bd2 38. Ra5 Rxg4 39. Ra6+ Kd7 40. Ra7+ Ke6 41. Ra6+ Ke7 42. Ra7+ Kf8 43.
Rd7 Be1 44. Nc1 Rxh4 45. Nd3 Bc3 46. Rd5 Kg7 47. Nc5 Rd4 48. Re5 Rd2 49. Re7 Rd6 50. Kc4 g5 51. Ne4 Rg6 52. Nxc3 bxc3 53. Kxc3 g4 54. Re2 Kh6 55. Rg2 Kg5 56. Kd3 f5 57. Ke3 Re6+ 58. Kf2 f4 59. Rg1 g3+ 60. Kf3 Re3+ 61.
Kg2 Kg4 62. Ra1 f3+ 63. Kg1 Kh3 64. Rb1 Re1+ 65. Rxe1 f2+ 0-1

[Event "*** Titled Tuesday 3|2 Blitz"]
[Site "Chess.com"]
[Date "2015.10.06"]
[Round "1"]
[White "chesswooog"]
[Black "AnthonyWirig"]
[Result "0-1"]
[WhiteElo "2182"]
[BlackElo "2539"]
[TimeControl "180+2"]
[EndTime "11:09:34 PDT"]
[Termination "AnthonyWirig won by checkmate"]

1. e4 c5 2. d4 cxd4 3. c3 d3 4. Bxd3 Nc6 5. c4 d6 6. Nf3 Nf6 7. h3 g6 8. Nc3 Bg7 9. O-O O-O 10. Be3 a5 11. Rc1 Nd7 12. b3 Nc5 13. Bb1 Be6 14.
Nd5 Bd7 15. Qd2 Ne6 16. Bh6 f6 17. Bxg7 Kxg7 18. Rfd1 Ne5 19. Nd4 Nxd4 20. Qxd4 Nc6 21. Qd2 Be6 22. Qe3 Qb8 23. Nb6 Ra6 24. c5 dxc5 25.
Qxc5 Qe5 26. Nd7 Bxd7 27. Rxd7 Qxc5 28. Rxc5 Rb6 29. f4 a4 30. Bc2 a3 31. Bd3 Nb4 32. Rxe7+ Rf7 33. Rxf7+ Kxf7 34. Rc7+ Ke6 35. Bb1 g5 36. g3 gxf4 37. gxf4 h5 38. Kf2 Kd6 39. Rc1 Ke6 40. Ke3 Ra6 41. Rc4 Rb6 42. Kd4 Kd6 43.
Kc3 Nc6 44. b4 h4 45. Bc2 Na7 46. Rd4+ Ke7 47. Ba4 Ra6 48. Kb3 b5 49. Kxa3 Rxa4+ 50. Kb3 Nc6 51. Rd5 Rxb4+ 52. Kc3 Rxe4 53. Rxb5 Rxf4 54.
Rh5 Kd6 55. Kb2 Ne5 56. a3 Kc5 57. Kb3 Rf3+ 58. Ka4 Rxh3 59. Rf5 Rf3 60. Rh5 h3 61. Rh8 Ng4 62. Rc8+ Kb6 63. Rb8+ Kc7 64. Rg8 Rf4+ 65. Kb5 h2 66. Rg7+ Kd6 67. Rh7 Rf1 68. a4 h1=Q 69.
Rxh1 Rxh1 70. a5 Rb1+ 71. Ka6 f5 72. Ka7 f4 73. a6 Kc7 74. Ka8 Rh1 75. Ka7 f3 76.
Ka8 Ne5 77. a7 Rh8# 0-1

[Event "*** Titled Tuesday 3|2 Blitz"]
[Site "Chess.com"]
[Date "2015.10.06"]
[Round "1"]
[White "Makalexa"]
[Black "Canonkasparov"]
[Result "0-1"]
[WhiteElo "1926"]
[BlackElo "2357"]
[TimeControl "180+2"]
[EndTime "11:09:44 PDT"]
[Termination "Canonkasparov won on time"]

1. e4 d5 2. exd5 Qxd5 3. Nc3 Qa5 4. Nf3 Nf6 5. d4 c6 6. Bc4 Bf5 7. Ne5 e6 8. g4 Be4 9. f3 Bd5 10. Be2 Bb4 11. Bd2 Nbd7 12. Nxd7 Nxd7 13. a3 Bxc3 14. Bxc3 Qc7 15. O-O Qf4 16. Be1 h5 17. Bg3 Qh6 18.
Qc1 hxg4 19. Qxh6 Rxh6 20. fxg4 g5 21. Bd3 c5 22. dxc5 Nxc5 23. Bb5+ Bc6 24. Bxc6+ bxc6 25. Rad1 Ne4 26. Bc7 Rc8 27. Ba5 Rh4 28. Rd3 Rxg4+ 29. Kh1 f5 30. Be1 Ke7 31. h3 Rh8 32. Kh2 Rf4 33.
Rxf4 gxf4 34. Bb4+ c5 35. Be1 Ng5 36. h4 Ne4 37. b4 cxb4 38. axb4 Rc8 39. c3 a6 40. Kg2 Nf6 41. Kf3 e5 42. Rd1 Ke6 43. Bf2 Rxc3+ 44.
Ke2 Ra3 45. Bc5 Ne4 46. Bf8 Ra2+ 47. Kf1 Rh2 48. Kg1 Rxh4 49. Ra1 Rg4+ 50. Kf1 f3 51. Rxa6+ Kd5 52. Bh6 f2 53. Ke2 Rg1 54. Ra5+ Kc6 0-1

[Event "*** Titled Tuesday 3|2 Blitz"]
[Site "Chess.com"]
[Date "2015.10.06"]
[Round "1"]
[White "VSERGUEI"]
[Black "Goala"]
[Result "1-0"]
[WhiteElo "2502"]
[BlackElo "2142"]
[TimeControl "180+2"]
[EndTime "11:10:16 PDT"]
[Termination "VSERGUEI won by checkmate"]

1. d4 e6 2. c4 Nf6 3. Nc3 c5 4. d5 exd5 5. cxd5 d6 6. Nf3 g6 7. Bg5 Bg7 8. Nd2 a6 9. a4 O-O 10. e4 Nbd7 11. Be2 Qe7 12. O-O h6 13. Bh4 g5 14.
Bg3 Ne5 15. a5 Nfd7 16. Re1 Rb8 17. Nf1 Ng6 18. Qc2 Nde5 19. Ne3 Qf6 20. Na4 Nf4 21. Nb6 Neg6 22. Bf1 Qxb2 23. Qxb2 Bxb2 24. Ra2 Bc3 25. Rc1 Be5 26. Nf5 Kh7 27. f3 Re8 28. Bf2 Bxf5 29. exf5 Ne7 30. Nd7 Rbd8 31. Nxe5 dxe5 32. Rb2 Rd7 33. d6 Nxf5 34. g3 Ng6 35.
Bh3 Rxd6 36. Bxf5 Re7 37. Bxc5 Rc7 38. Bxd6 Rxc1+ 39. Kg2 Ra1 40. Rxb7 Kg7 41. Bxg6 Kxg6 42. Bxe5 Rxa5 43. Rb6+ Kf5 44. Bg7 Ra2+ 45. Kh3 g4+ 46.
fxg4+ Ke4 47. Rxh6 a5 48. Rf6 a4 49. Rxf7 a3 50.
g5 Rc2 51. Ra7 a2 52. g6 Kf5 53. Ra6 Kg5 54. Ba1 Rc6 55. Rxc6 Kh6 56. g7+ Kh7 57. Rc8 Kh6 58. g8=Q Kh5 59. Qg4+ Kh6 60. Rh8# 1-0

[Event "*** Titled Tuesday 3|2 Blitz"]
[Site "Chess.com"]
[Date "2015.10.06"]
[Round "1"]
[White "stefanodinn"]
[Black "Boryboy"]
[Result "0-1"]
[WhiteElo "2122"]
[BlackElo "2488"]
[TimeControl "180+2"]
[EndTime "11:10:27 PDT"]
[Termination "Boryboy won by resignation"]

1. e4 e6 2. d4 d5 3. Nd2 h6 4. c3 c5 5. exd5 Qxd5 6. Ngf3 Qd8 7. Bc4 Nf6 8. O-O Nc6 9. dxc5 Bxc5 10. Qe2 a6 11.
Ne4 Be7 12. Bf4 Nxe4 13. Qxe4 Qa5 14. Ne5 Nxe5 15. Bxe5 O-O 16. b4 Qb6 17. Qg4 f6 18. Bd4 Qc6 19. Bb3 Kh8 20. Qg6 Qe8 21. Qxe8 Rxe8 22. f4 Bd7 23. Rfe1 Bf8 24. Rad1 Bc8 25.
Bb6 e5 26. fxe5 fxe5 27. Bf7 Re7 28. Rf1 Bg4 29. Rde1 Be6 30. Bxe6 Rxe6 31. Bd4 Rae8 32. Rxe5 Rxe5 33. Bxe5 Kg8 34. Re1 Rd8 35. Re2 Rd1+ 36. Kf2 b5 37. Ke3 Be7 38. Bd4 Bg5+ 39. Ke4 Kf8 40. Rf2+ Kg8 41. Kd5 Be7 42. Re2 Bf8 43. h4 Kf7 44. Rf2+ Kg8 45. h5 Be7 46. Re2 Bf8 47.
g4 Rd3 48. Re6 Rg3 49. Rg6 Kf7 50. a3 Rg2 51. Kc6 Ra2 52. Kb7 Rxa3 53. Rxa6 Ra2 54. Rg6 Rd2 55. Kc6 Bxb4 56. Rxg7+ Kf8 57. cxb4 Rxd4 58.
Rg6 Rxb4 59. Kc5 Rb1 60. Rxh6 b4 61. Rb6 b3 62. Kc4 Rg1 63. Kxb3 Rb1+ 64. Kc4 Rxb6 0-1

[Event "*** Titled Tuesday 3|2 Blitz"]
[Site "Chess.com"]
[Date "2015.10.06"]
[Round "1"]
[White "zmaj23"]
[Black "Badouuu"]
[Result "1/2-1/2"]
[WhiteElo "2310"]
[BlackElo "1947"]
[TimeControl "180+2"]
[EndTime "11:11:02 PDT"]
[Termination "Game drawn - insufficient material"]

1. e4 c5 2. Nf3 Nc6 3. d4 cxd4 4. Nxd4 e5 5. Nb5 d6 6. N1c3 a6 7. Na3 b5 8. Nd5 Nge7 9. c4 Nd4 10. Be3 Nxd5 11. cxd5 g6 12. Bxd4 exd4 13. Qxd4 Qa5+ 14. Kd1 Rg8 15. Qc3 Qxc3 16. bxc3 Bg7 17. Kc2 f5 18. f3 Bd7 19. Kb3 Rc8 20. Rc1 Rf8 21. Bd3 fxe4 22.
Bxe4 a5 23. Rhe1 Kd8 24. Bd3 a4+ 25. Kb4 Rf4+ 26. Re4 Rf5 27. Bxb5 Rxd5 28. c4 Rd2 29. Rce1 Rb2+ 30. Ka5 Kc7 31. R1e3 Kb7 32. Ba6+ Kc7 33. Bxc8 Kxc8 34. Nb5 Bf6 35. Nxd6+ Kc7 36. Nb5+ Kc8 37. Re8+ Bxe8 38. Rxe8+ Kd7 39. Ra8 Bd8+ 40. Kxa4 Rxa2+ 41. Na3 Be7 42. Kb3 Rxg2 43. Ra7+ Ke6 44. Ra6+ Kf5 45. Nb5 Rxh2 46. Ra7 Bc5 47. Rc7 Be3 48. c5 Rh1 49. c6 h5 50. Rc8 Rc1 51. c7 Bf4 52. Rf8+ Kg5 53. c8=Q Rxc8 54. Rxc8 h4 55. Nd4 Be5 56. Ne6+ Kf6 57. Rc6 Kf5 58. f4 Bxf4 59. Nd4+ Ke4 60. Ne2 g5 61. Kc2 Be3 62. Rc4+ Kf3 63. Kd1 h3 64. Rc8 h2 65. Rh8 Kg2 66. Nc3 h1=Q+ 67. Rxh1 Kxh1 68. Ke2 Bf4 69. Kf3 Kg1 70. Ne4 Kf1 71.
Nxg5 Bxg5 1/2-1/2

[Event "*** Titled Tuesday 3|2 Blitz"]
[Site "Chess.com"]
[Date "2015.10.06"]
[Round "1"]
[White "Keranke"]
[Black "dpopadic"]
[Result "1-0"]
[WhiteElo "2591"]
[BlackElo "2243"]
[TimeControl "180+2"]
[EndTime "11:11:20 PDT"]
[Termination "Keranke won by checkmate"]

1. d4 Nf6 2. c4 g6 3. g3 Bg7 4. Bg2 d6 5. Nf3 O-O 6. O-O Nbd7 7. Nc3 e5 8. e4 exd4 9. Nxd4 Re8 10. h3 a6 11. Be3 Rb8 12. Qc2 c5 13. Nde2 b5 14.
Rad1 Qc7 15. Nf4 bxc4 16. Nfd5 Qd8 17. Bf4 Ne5 18. Bxe5 dxe5 19. Ne3 Qb6 20. Nxc4 Qb4 21. b3 Be6 22. Ne3 Red8 23. Ncd5 Bxd5 24. exd5 Ne8 25. h4 Nd6 26. h5 Rbc8 27. Nc4 Nxc4 28. bxc4 f5 29. Rb1 Qa5 30. Rb7 e4 31. Rfb1 Bd4 32. hxg6 hxg6 33. R1b6 Qe1+ 34. Bf1 e3 35. Rxg6+ Kh8 36.
Qxf5 Qxf2+ 37. Qxf2 exf2+ 38. Kg2 Rb8 39. Re7 Re8 40.
Rf7 Rf8 41. Rxf8+ Rxf8 42. Rxa6 Kg7 43. a4 Rb8 44. a5 Rb3 45. Re6 Kf7 46. a6 Ra3 47. g4 Ra2 48. g5 Ra1 49. g6+ Kg7 50.
d6 Rxa6 51. d7 Rxe6 52. d8=Q Rxg6+ 53. Kf3 Rg1 54. Ke2 Kf7 55. Qd7+ Kf6 56. Qd6+ Kf7 57. Qh2 Kf6 58. Qh3 Kg5 59. Bg2 Re1+ 60. Kd2 Rg1 61. Qg3+ Kf6 62. Qf4+ Ke7 63. Bh3 Re1 64. Qc7+ Kf6 65.
Qf4+ Ke7 66. Qf5 Be3+ 67. Kc2 Bd4 68. Kb3 Ra1 69. Bg2 Rg1 70. Ka4 Rxg2 71. Qe4+ Kf6 72. Qxg2 Ke5 73. Qf3 Kd6 74. Kb5 Kc7 75. Qf4+ Kd7 76.
Kb6 Ke6 77. Kc6 Ke7 78. Kd5 Kd7 79. Qf7+ Kd8 80. Kd6 f1=Q 81. Qd7# 1-0